 Dungeon Crawl Stone Soup version 0.29.0-4-gdea44cf6ec (webtiles) character file.

Game seed: 8764874710867161509

39 qw the Chopper (level 3, 0/21 HPs)
             Began as a Tengu Warper on Aug 28, 2022.
             Slain by a gnoll
             ... wielding a +0 halberd
              (4 damage)
             ... on level 2 of the Dungeon.
             The game lasted 00:00:09 (1933 turns).

qw the Chopper (Tengu Warper)                       Turns: 1933, Time: 00:00:10

Health: 0/21       AC: 10    Str: 11 (13) XL:     3   Next: 47%
Magic:  7/7        EV:  2    Int: 11 (13) God:
Gold:   57         SH:  0    Dex: 12 (13) Spells: 6/6 levels left

rFire   . . .      SeeInvis .   Y - +0 hand axe
rCold   + . .      Faith    .   (no shield)
rNeg    . . .      Spirit   .   k - +0 plate armour
rPois   .          Reflect  .   (helmet restricted)
rElec   .          Harm     .   (no cloak)
rCorr   .          Rampage  .   (no gloves)
Will    .....                   (boots unavailable)
Stlth   ..........              (no amulet)
HPRegen 0.07/turn               f - ring of protection from cold
MPRegen 0.10/turn               (no ring)

@: no status effects
A: beak, talons 3
a: no special abilities


You were on level 2 of the Dungeon.
You visited 1 branch of the dungeon, and saw 2 of its levels.

You collected 57 gold pieces.


Innate Abilities, Weirdness & Mutations

You have a beak for a mouth.
You have claws for feet.


   Skills:
 - Level 2.0 Fighting
 - Level 4.0 Axes
 - Level 1.0 Throwing
 + Level 1.5 Armour
 - Level 2.1 Dodging
 - Level 2.0 Spellcasting
 - Level 2.4 Translocations


You had 6 spell levels left.
You didn't know any spells.
Your spell library contained the following spells:

 Spells                   Type           Power      Damage    Failure   Level
 Blink                    Tloc           12%        N/A       100%        2
 Gell's Gravitas          Tloc           6%         N/A       100%        3
 Lesser Beckoning         Tloc           6%         N/A       100%        3
 Teleport Other           Tloc           6%         N/A       100%        3
 Manifold Assault         Tloc           6%         N/A       100%        5

Inventory:

Hand Weapons
 h - a +0 whip of flaming
 Y - a +0 hand axe (weapon)
Armour
 e - a +0 pair of gloves
 k - a +0 plate armour (worn)
Jewellery
 f - a ring of protection from cold (left hand)
Scrolls
 a - a scroll of poison {unknown}
 d - a scroll of enchant weapon {unknown}
 g - a scroll of identify
Potions
 b - a potion of cancellation {unknown}
 c - a potion of curing {unknown}
 l - 2 potions of might
 m - 2 potions of haste {unknown}
 o - a potion of ambrosia {unknown}

Dungeon Overview and Level Annotations

Branches:
Dungeon (2/15)

Altars:


Message History

e - a +0 pair of gloves
Enter note:
Enter note:
Enter note: An endoplasm comes into view.
The endoplasm quivers.
You barely miss the endoplasm. You claw the endoplasm.
The endoplasm is heavily wounded.
The endoplasm freezes you.
You are frozen.
You resist.
You hit the endoplasm but do no damage. You peck the endoplasm.
You kill the endoplasm!
You start resting.
HP restored.
Found a potion of lignification.
Enter note: A goblin and a gnoll come into view.
The goblin shouts!
The gnoll shouts!
1925 ||| Stepping ~*~*~tactically~*~*~ (hiding).
1926 ||| Stepping ~*~*~tactically~*~*~ (hiding). 2 gnolls come into view.
The gnoll shouts!
The gnoll moves out of view.
The goblin hits you but does no damage.
You hit the goblin.
You kill the goblin!
A worm comes into view.
The gnoll hits you with a +0 spear.
You hit the gnoll but do no damage. Your kick misses the gnoll.
The gnoll hits you from afar with a +0 halberd!
The gnoll hits you with a +0 spear.
You hit the gnoll but do no damage. You claw the gnoll, but do no damage.
You peck the gnoll.
The gnoll is heavily wounded.
The gnoll hits you from afar with a +0 halberd. x2
The gnoll hits you but does no damage.
You hit the gnoll.
You kill the gnoll!
The gnoll hits you from afar with a +0 halberd.
You die...

...####.......# .....
...##.........##....###
...##..................
#####..................w
########.##.##..........
.....................w..
......###.........##....
......# #.####..).g...#
......###+####..@.g##.
.............#.....##
.............###....#
.............###)...#
.##....##..!.....!..#
.##...........##....#
.##...........+.......
.####.........#####..#.
.# #....%....##.....#...


You could see a worm and 2 gnolls.

Vanquished Creatures
  A gnoll (D:2)
  2 dart slugs (D:1)
  7 endoplasms
  2 hobgoblins (D:1)
  4 quokkas
  3 ball pythons
  3 bats
  4 goblins
  4 kobolds
  3 rats
33 creatures vanquished.

Notes
Turn   | Place    | Note
-------+----------+-------------------------------------------
     0 | D:1      | qw the Tengu Warper began the quest for the Orb.
     0 | D:1      | Reached XP level 1. HP: 12/12 MP: 4/4
     0 | D:1      | 0 ||| qw: Version: 0.1-a-89-g26bdef1
     0 | D:1      | 0 ||| qw: Game counter: 3357
     0 | D:1      | 0 ||| qw: Always use a shield: true
     0 | D:1      | 0 ||| qw: God list: Okawaru
     0 | D:1      | 0 ||| qw: Allow faded altars: false
     0 | D:1      | 0 ||| qw: Do Orc after D:15 true
     0 | D:1      | 0 ||| qw: Do second Lair branch before Depths: true
     0 | D:1      | 0 ||| qw: Lair rune preference: random
     0 | D:1      | 0 ||| qw: Plans: Normal
     0 | D:1      | 0 ||| PLANNING D:1-11
   123 | D:1      | 123 ||| Stepping ~*~*~tactically~*~*~ (stealth).
   134 | D:1      | 134 ||| Stepping ~*~*~tactically~*~*~ (stealth).
   136 | D:1      | 136 ||| Stepping ~*~*~tactically~*~*~ (stealth).
   138 | D:1      | 138 ||| Stepping ~*~*~tactically~*~*~ (stealth).
   183 | D:1      | Reached XP level 2. HP: 17/17 MP: 6/6
   220 | D:1      | Reached skill level 3 in Axes
   284 | D:1      | 284 ||| Stepping ~*~*~tactically~*~*~ (stealth).
   287 | D:1      | 287 ||| Stepping ~*~*~tactically~*~*~ (stealth).
   289 | D:1      | 289 ||| Stepping ~*~*~tactically~*~*~ (stealth).
   290 | D:1      | 290 ||| Stepping ~*~*~tactically~*~*~ (stealth).
   501 | D:1      | 501 ||| Stepping ~*~*~tactically~*~*~ (stealth).
   536 | D:1      | 536 ||| Stepping ~*~*~tactically~*~*~ (hiding).
   638 | D:1      | 638 ||| Stepping ~*~*~tactically~*~*~ (hiding).
   740 | D:1      | 740 ||| Stepping ~*~*~tactically~*~*~ (hiding).
   826 | D:1      | Found a faded altar of an unknown god.
  1316 | D:1      | Reached XP level 3. HP: 20/21 MP: 7/7
  1482 | D:1      | 1482 ||| UPGRADING to +0 plate armour.
  1492 | D:1      | 1492 ||| DROPPING +0 leather armour.
  1493 | D:1      | 1493 ||| DROPPING scarf of shadows.
  1494 | D:1      | 1494 ||| UPGRADING to ring of protection from cold.
  1495 | D:1      | 1495 ||| DROPPING ring of magical power.
  1496 | D:1      | 1496 ||| READING scroll labelled YFUSCH FUVVIDOD.
  1497 | D:1      | 1497 ||| READING 3 scrolls labelled ASILEC RAMEUH.
  1498 | D:1      | 1498 ||| READING scroll labelled UTAUCOMIHE.
  1501 | D:1      | 1501 ||| DRINKING 2 murky amethyst potions.
  1538 | D:1      | 1538 ||| DRINKING 2 bubbling ruby potions.
  1539 | D:1      | 1539 ||| READING 2 scrolls of identify.
  1539 | D:1      | 1539 ||| IDENTIFYING sapphire potion
  1540 | D:1      | 1540 ||| DROPPING scroll of blinking.
  1541 | D:1      | 1541 ||| DROPPING potion of lignification.
  1542 | D:1      | 1542 ||| DROPPING potion of degeneration.
  1625 | D:2      | 1625 ||| Stepping ~*~*~tactically~*~*~ (stealth).
  1626 | D:2      | 1626 ||| Stepping ~*~*~tactically~*~*~ (stealth).
  1678 | D:2      | Reached skill level 4 in Axes
  1735 | D:2      | 1735 ||| Stepping ~*~*~tactically~*~*~ (stealth).
  1925 | D:2      | 1925 ||| Stepping ~*~*~tactically~*~*~ (hiding).
  1926 | D:2      | 1926 ||| Stepping ~*~*~tactically~*~*~ (hiding).
  1932 | D:2      | HP: 4/21 [gnoll/+0 halberd (3)]
  1933 | D:2      | Slain by a gnoll

Levels and vault maps discovered:
D:1:      minmay_arrival_widening_spiral_wide, layout_basic,
          chequers_ecumenical_altar_twisty, amcnicky_mini_pool_small,
          fountainhead
D:2:      layout_basic

Skill      XL: |  1  2  3 |
---------------+----------+-----
Axes           | 3 4 |  4.0
Fighting       | |  2.0
Throwing       | |  1.0
Armour         | |  1.5
Dodging        | |  2.1
Spellcasting   | |  2.0
Translocations | |  2.4

Action                   || total
-------------------------++-------
Melee: Hand axe          ||    64
       Kick              ||    15
       Peck              ||     9
       Punch             ||     1
Throw: Boomerang         ||     7
  Use: Scroll            ||     4
       Potion            ||     2
Armor: Leather armour    ||     5
       Plate armour      ||    13
Dodge: Dodged            ||    16

Table legend:
 A = Non-vault XP
 B = Vault XP
 C = Vault XP percentage of total XP
 D = Non-vault monster count
 E = Vault monster count
 F = Vault count percentage of total count
                 A         B        C        D         E       F
            +---------+---------+-------+---------+---------+-------
      Total |      70 |       0 |   0.0 |      33 |       0 |   0.0
            +---------+---------+-------+---------+---------+-------
        D:1 |      34 |       0 |   0.0 |      18 |       0 |   0.0
        D:2 |      36 |       0 |   0.0 |      15 |       0 |   0.0
            +---------+---------+-------+---------+---------+-------
